 Dungeon Crawl Stone Soup version 0.30-a0-159-g068b764562 (webtiles) character file.

Game seed: 384494690567257670

2699 Iusername the Carver (level 9, -14/78 HPs)
             Began as a Minotaur Fighter on Sept 27, 2022.
             Was a Believer of Trog.
             Demolished by a cyclops (27 damage)
             ... on level 8 of the Dungeon.
             The game lasted 00:09:43 (9517 turns).

Iusername the Carver (Minotaur Fighter)             Turns: 9517, Time: 00:09:45

Health: -14/78     AC: 15    Str: 30    XL:     9   Next: 38%
Magic:  8/8        EV: 12    Int:  5    God:    Trog [**....]
Gold:   367        SH:  6    Dex: 16    Spells: 8/8 levels left

rFire   . . .      SeeInvis .    a - +0 long sword
rCold   . . .      Faith    +    c - +0 buckler
rNeg    . . .      Spirit   .    b - +0 scale mail
rPois   .          Reflect  .    (helmet restricted)
rElec   .          Harm     .    n - +0 cloak
rCorr   .          Rampage  .    (no gloves)
Will    .....                    O - +0 pair of boots
Stlth   +.........               F - amulet of faith
HPRegen 0.23/turn                r - ring "Haluna" {AC+4 Dex+5 Stlth+}
MPRegen 0.11/turn                A - +6 ring of strength

@: on berserk cooldown, slowed, very slow
A: horns 2, retaliatory headbutt
a: Renounce Religion, Berserk, Trog's Hand


You were on level 8 of the Dungeon.
You worshipped Trog.
Trog was pleased with you.
You visited 1 branch of the dungeon, and saw 8 of its levels.

You collected 367 gold pieces.

Inventory:

Hand Weapons
 a - a +0 long sword (weapon)
 L - the +7 sling of Unpleasantness {speed, Dex+6}
   (You found it on level 7 of the Dungeon)

   Attacks with this weapon are significantly faster.
   Dex:       It affects your dexterity (+6).
Missiles
 l - 3 javelins (quivered)
Armour
 b - a +0 scale mail (worn)
 c - a +0 buckler (worn)
 n - a +0 cloak (worn)
 O - a +0 pair of boots (worn)
Jewellery
 r - the ring "Haluna" (left hand) {AC+4 Dex+5 Stlth+}
   (You found it on level 3 of the Dungeon)

   [ring of protection]

   AC:        It affects your AC (+4).
   Dex:       It affects your dexterity (+5).
   Stlth:     It makes you more stealthy.
 A - a +6 ring of strength (right hand)
 F - an amulet of faith (around neck)
Wands
 D - a wand of charming (15)
 K - a wand of flame (11)
Scrolls
 e - 7 scrolls of identify {unknown}
 f - 2 scrolls of noise {unknown}
 g - 2 scrolls of brand weapon {unknown}
 h - 4 scrolls of butterflies
 j - a scroll of vulnerability {unknown}
 o - a scroll of enchant weapon {unknown}
 p - 2 scrolls of enchant armour {unknown}
 s - 2 scrolls of summoning {unknown}
 y - 3 scrolls of amnesia {unknown}
 B - 3 scrolls of poison {unknown}
 C - 3 scrolls of teleportation {unknown}
 G - 2 scrolls of immolation {unknown}
 M - a scroll of torment {unknown}
 N - a scroll of magic mapping {unknown}
Potions
 d - 3 potions of might
 q - 2 potions of haste {unknown}
 u - a potion of resistance {unknown}
 w - a potion of curing
 z - a potion of cancellation {unknown}
 E - a potion of degeneration {unknown}
 I - a potion of lignification {unknown}
 J - a potion of berserk rage {unknown}


   Skills:
 + Level 6.9 Fighting
 + Level 9.4 Long Blades
 + Level 0.4 Ranged Weapons
 + Level 8.9 Armour
 + Level 4.2 Dodging
 + Level 1.0 Stealth
 + Level 6.2 Shields


You had 8 spell levels left.
You didn't know any spells.
Your spell library was empty.

Dungeon Overview and Level Annotations

Branches:
Dungeon (8/15)             Temple (0/1) D:7
   Lair: D:8-11

Altars:
Elyvilon
Gozag
Trog
Yredelemnul


Innate Abilities, Weirdness & Mutations

You have a pair of horns on your head.
You reflexively headbutt those who attack you in melee.


Message History

Your butterfly dies!
Your butterfly disappears in a burst of colours!
You swap places.
The vampire mosquito bites your butterfly!
Your butterfly dies!
Your butterfly disappears in a burst of colours!
The bullfrog hits your butterfly.
Your butterfly dies!
Your butterfly disappears in a burst of colours!
The centaur warrior closely misses you.
The centaur warrior completely misses you.
The cyclops throws a large rock.
The large rock hits you!
* * * LOW HITPOINT WARNING * * *
The centaur warrior barely misses you.
The centaur warrior kicks you but does no damage.
You block the vampire mosquito's attack.
Something bites your butterfly!
Your butterfly dies!
Your butterfly disappears in a burst of colours!
The bullfrog closely misses your butterfly.
Your skin stops crawling.
You feel less strong-willed.
The vampire mosquito misses your butterfly.
The centaur warrior completely misses your butterfly.
The centaur warrior kicks your butterfly.
Your butterfly dies!
Your butterfly disappears in a burst of colours!
The vampire mosquito closely misses your butterfly.
The bullfrog barely misses your butterfly.
The centaur warrior hits your butterfly.
Your butterfly dies!
Your butterfly disappears in a burst of colours!
Something barely misses your butterfly.
Unknown command.
You open the door.
The vampire mosquito bites you but does no damage.
The vampire mosquito bites you.
* * * LOW HITPOINT WARNING * * *
The vampire mosquito draws strength from your injuries!
The cyclops hits you!!
You die...

.......#.........###(.
.......#.....bb.#...#
##
.......'........#..#
.. ########........#.#
.# #........#'###..##
[#
#........#bb.=D#.#C#
#........#.bcF.#..#
#.<......#.by#.#b#n#
#........#..@Cb.###F#
#........###'#b..# #.#
...######## .......#
#.. ... #b..b....# ..#
+.....b...# #.
#.......... #.).......
..##+###.


You could see a centaur warrior (ally target), a cyclops (ally target), a steam
dragon (ally target), a vampire mosquito (ally target) and a bullfrog.

Vanquished Creatures
  A wraith (D:6)
  Eustachio (D:6)
  3 yaks (D:6)
  A water moccasin (D:7)
  3 black bears
  An orc warrior (D:7)
  2 sky beasts
  A kobold brigand (D:7)
  A phantom (D:4)
  2 scorpions
  2 necrophages
  2 bullfrogs (D:6)
  4 wights (D:6)
  A howler monkey (D:5)
  5 hounds
  Crazy Yiuf (D:2)
  An orc priest (D:7)
  A jelly (D:6)
  2 iguanas
  3 orc wizards (D:7)
  A gnoll (D:7)
  10 adders
  A shadow imp (D:5)
  An ufetubus (D:4)
  3 worms
  4 dart slugs
  7 orcs
  4 bats
  8 endoplasms
  7 giant cockroaches
  4 hobgoblins
  2 jackals (D:2)
  14 kobolds
  5 quokkas
  8 ball pythons
  4 frilled lizards
  3 goblins
  6 rats
130 creatures vanquished.

Notes
Turn   | Place    | Note
-------+----------+-------------------------------------------
     0 | D:1      | Iusername the Minotaur Fighter began the quest for the Orb.
     0 | D:1      | Reached XP level 1. HP: 19/19 MP: 0/0
   317 | D:1      | Reached XP level 2. HP: 26/27 MP: 1/1
  1186 | D:2      | Found a runed translucent door.
  1187 | D:2      | Noticed Crazy Yiuf
  1265 | D:2      | Reached XP level 3. HP: 30/33 MP: 2/2
  1308 | D:2      | Reached skill level 3 in Long Blades
  1485 | D:2      | Found a white marble altar of Elyvilon.
  2076 | D:2      | Reached XP level 4. HP: 37/40 MP: 3/3
  2498 | D:2      | Killed Crazy Yiuf
  3061 | D:3      | Found a faded altar of an unknown god.
  3087 | D:3      | Prayed at the altar of an unknown god.
  3087 | D:3      | Became a worshipper of Trog the Wrathful
  3087 | D:3      | Reached * piety under Trog
  3274 | D:3      | Identified the ring "Haluna" {AC+4 Dex+5 Stlth+}
  3382 | D:3      | Found a basalt altar of Yredelemnul.
  3840 | D:3      | Reached skill level 5 in Armour
  3840 | D:3      | Reached XP level 5. HP: 47/47 MP: 4/4
  4234 | D:4      | Reached skill level 4 in Long Blades
  4269 | D:4      | Identified the +7 shortbow of Beogh's Benevolence {venom,
                  | Fragile rElec rPois Will+++}
  4288 | D:4      | Reached XP level 6. HP: 50/55 MP: 5/5
  4290 | D:4      | Reached ** piety under Trog
  4409 | D:4      | Reached skill level 5 in Fighting
  4409 | D:4      | Reached skill level 1 in Dodging
  5127 | D:5      | Entered Level 5 of the Dungeon
  5244 | D:5      | Noticed a sky beast
  5254 | D:5      | Killed a sky beast
  5255 | D:5      | Reached skill level 5 in Long Blades
  5255 | D:5      | Reached XP level 7. HP: 54/61 MP: 6/6
  5673 | D:5      | Reached skill level 6 in Long Blades
  5963 | D:6      | Reached skill level 7 in Long Blades
  5963 | D:6      | Reached XP level 8. HP: 69/70 MP: 7/7
  5966 | D:6      | Found an opulent altar of Gozag.
  6256 | D:6      | Reached skill level 8 in Long Blades
  6256 | D:6      | Reached skill level 5 in Shields
  7622 | D:6      | Reached skill level 9 in Long Blades
  7622 | D:6      | Reached XP level 9. HP: 49/78 MP: 8/8
  8195 | D:6      | Noticed Eustachio
  8220 | D:6      | Killed Eustachio
  8634 | D:7      | Identified the +7 sling of Unpleasantness {speed, Dex+6}
  8677 | D:7      | Found a staircase to the Ecumenical Temple.
  8705 | D:7      | Reached skill level 1 in Stealth
  9498 | D:8      | Noticed a centaur warrior
  9502 | D:8      | Noticed a cyclops
  9517 | D:8      | Demolished by a cyclops

Illustrated notes

Levels and vault maps discovered:
D:1:      lightli_arrival_isolated_outpost, layout_basic, minmay_tetromino_i2
D:2:      layout_loops_corners, basic_altar, minmay_surrounded,
          uniq_crazy_yiuf_cottage
D:3:      layout_loops_corners, yredelemnul_altar_generic,
          basic_ecumenical_altar
D:4:      layout_basic
D:5:      layout_loops_ring, minivault_5, minmay_liquid_box
D:6:      layout_basic, grunt_gozag_statues, uniq_eustachio
D:7:      layout_rooms, temple_fountains, sigmund_army
D:8:      minmay_cornered_nines, layout_gridville, mainiacjoe_overflow_paths,
          erik_lair_orcish_takeover, minmay_manual_mail, uniq_grum, uniq_maggie,
          uniq_erica

Skill      XL: |  1  2  3  4  5  6  7  8  9 |
---------------+----------------------------+-----
Fighting       | 4 5 6 |  6.9
Armour         | 4 5 6 7 8 |  8.9
Shields        | 4 5 6 |  6.2
Long Blades    | 3 4 5 7 9 |  9.4
Dodging        | 1 2 3 4 |  4.2
Stealth        | 1 |  1.0
Ranged Weapons | |  0.4

Action                   |  1- 3 |  4- 6 |  7- 9 || total
-------------------------+-------+-------+-------++-------
Melee: Long sword        |    93 |   107 |   163 ||   363
       Headbutt          |    15 |    20 |    29 ||    64
 Fire: Sling             |       |       |     5 ||     5
Invok: Berserk           |       |       |     5 ||     5
       Trog's Hand       |       |       |     2 ||     2
  Use: Potion            |       |     1 |     3 ||     4
       Scroll            |       |       |     1 ||     1
Armor: Scale mail        |    44 |    46 |   153 ||   243
Dodge: Dodged            |    34 |    56 |   152 ||   242
Block: Buckler           |    20 |    16 |    60 ||    96

Table legend: (Time is in decaauts)
 A = Elapsed time spent in this place.
 B = Non-inter-level travel time spent in this place.
 C = Inter-level travel time spent in this place.
 D = Time resting spent in this place.
 E = Time spent auto-exploring this place.
 F = Levels seen in this place.
 G = Mean time per level.
                   A        B        C        D        E       F      G
               +--------+--------+--------+--------+--------+-----+--------+
         Total |   9615 |   9376 |    239 |   3146 |   5195 |   8 | 1201.9 |
       Dungeon |   9615 |   9376 |    239 |   3146 |   5195 |   8 | 1201.9 |
               +--------+--------+--------+--------+--------+-----+--------+

Top non-repeatable levels by time:
     D:6: 2677 daAuts
     D:2: 1932 daAuts
     D:4: 1217 daAuts
     D:1: 1144 daAuts
     D:7: 887 daAuts
     D:3: 887 daAuts
     D:5: 810 daAuts
     D:8: 57 daAuts
